 Dungeon Crawl Stone Soup version 0.27-a0-1065-ge809cff456 (webtiles) character file.

Game seed: 13347406577669573002

76 voltaire321 the Ducker (level 4, 0/34 HPs)
             Began as a Djinni Gladiator on Apr 23, 2021.
             Slain by a scorpion (8 damage)
             ... on level 4 of the Dungeon.
             The game lasted 00:03:52 (2218 turns).

voltaire321 the Ducker (Djinni Gladiator)           Turns: 2218, Time: 00:03:53

Health: 0/34       AC:  4    Str: 13    XL:     4   Next: 32%
Gold:   90         EV: 13    Int: 11    God:
                   SH:  0    Dex: 14

rFire    + + .     SeeInvis .   a - +0 long sword
rCold    x . .     Faith    .   (no shield)
rNeg     . . .     Spirit   .   b - +0 leather armour
rPois    ∞         Reflect  .   c - +0 helmet
rElec    .         Harm     .   (no cloak)
rCorr    .         Rampage  .   (no gloves)
Will     .....                  (boots unavailable)
Stlth    +.........             (no amulet)
HPRegen  0.11/turn              (no ring)
MPRegen  0.00/turn              (no ring)

@: flying
A: fire resistance 2, cold vulnerability 1, float, innate caster, hp casting,
extra vitality 1
a: no special abilities


You were on level 4 of the Dungeon.
You visited 1 branch of the dungeon, and saw 4 of its levels.

You collected 90 gold pieces.

Inventory:

Hand Weapons
 a - a +0 long sword (weapon)
Missiles
 d - 3 throwing nets (quivered)
Armour
 b - a +0 leather armour (worn)
 c - a +0 helmet (worn)
 e - a +3 leather armour
Wands
 j - a wand of polymorph (2)
Scrolls
 f - a scroll of summoning {unknown}
 g - a scroll of fog {unknown}
 h - 2 scrolls of identify {unknown}
 k - a scroll of teleportation {unknown}
 l - a scroll of silence {unknown}
 m - a scroll of magic mapping {unknown}
 n - a scroll of enchant armour {unknown}
Potions
 i - 2 potions of might {unknown}
 o - a potion of heal wounds {unknown}


   Skills:
 + Level 2.8 Fighting
 + Level 3.3 Long Blades
 - Level 1.5 Throwing
 + Level 4.1 Dodging
 + Level 0.7 Spellcasting


You had 3 spell levels left.
You knew the following spells:

 Your Spells              Type           Power      Damage    Failure   Level
a - Pain                  Necr           8%         1d4       32%         1
Your spell library was empty.

Dungeon Overview and Level Annotations

Branches:
Dungeon (4/15)
 Temple: D:4-7

Altars:


Innate Abilities, Weirdness & Mutations

You are immune to poison.
Your flesh is very heat resistant. (rF++)
You are vulnerable to cold. (rC-)
You float through the air rather than walking.
You learn spells naturally, not from books.
Your magical power is your life essence.
You have superior vitality. (+4 HP)


Message History

You hit the rat but do no damage. The rat closely misses you.
You riposte.
You hit the rat.
You kill the rat!
Found a stone staircase leading down.
You see here 17 arrows.
Done exploring.
Done exploring.
There is a stone staircase leading down here.
You fly downwards.
You hear the hiss of flowing sand.
There is an entrance to an ossuary on this level.
Hurry and find it before the portal is buried!
A giant cockroach and a scorpion come into view.
Found a ring mail.
Found an escape hatch in the floor.
There is a stone staircase leading up here.
You hit the scorpion but do no damage. The scorpion barely misses you.
You riposte.
You closely miss the scorpion. You hit the scorpion but do no damage.
The scorpion completely misses you.
You riposte.
You hit the scorpion but do no damage. The scorpion stings you.
Your leather armour prevents you from hitting the scorpion.
The scorpion stings you.
You barely miss the scorpion. The scorpion closely misses you.
You riposte.
You closely miss the scorpion. The giant cockroach closely misses you.
You riposte.
You slash the giant cockroach!
You kill the giant cockroach!
The scorpion stings you.
You barely miss the scorpion. The scorpion closely misses you.
You hit the scorpion but do no damage. The scorpion barely misses you.
The scorpion closely misses you.
You hit the scorpion but do no damage. The scorpion stings you.
You hit the scorpion.
The scorpion is moderately wounded.
The scorpion stings you. x2
* * * LOW HITPOINT WARNING * * *
You hit the scorpion but do no damage.
The scorpion is moderately wounded.
The scorpion misses you.
You hit the scorpion.
The scorpion is heavily wounded.
The scorpion stings you!
You die...

#. ..# .# ...
#.# ..#
..####.# ...#
......###...#
#.#.........
..##....[......
.>.............
#@# .......s#
.########


You could see a scorpion.

Vanquished Creatures
  Robin (D:2)
  An adder (D:3)
  3 dart slugs
  3 bats
  3 giant cockroaches
  12 goblins
  3 hobgoblins (D:2)
  5 jackals
  4 ball pythons (D:1)
  A frilled lizard (D:1)
  6 kobolds
  5 rats
47 creatures vanquished.

Notes
Turn   | Place    | Note
-------+----------+-------------------------------------------
     0 | D:1      | voltaire321 the Djinni Gladiator began the quest for the
                  | Orb.
     0 | D:1      | Reached XP level 1. HP: 18/18 MP: 0/0
    34 | D:1      | Reached XP level 2. HP: 17/23 MP: 0/0
   313 | D:1      | Reached XP level 3. HP: 29/29 MP: 0/0
   313 | D:1      | Learned a level 1 spell: Pain
   886 | D:2      | Noticed Robin
   902 | D:2      | Killed Robin
   903 | D:2      | Reached skill level 4 in Dodging
  1209 | D:2      | Found a faded altar of an unknown god.
  1344 | D:2      | Reached XP level 4. HP: 34/34 MP: 0/0
  2208 | D:4      | Noticed a scorpion
  2218 | D:4      | Slain by a scorpion

Illustrated notes

Levels and vault maps discovered:
D:1:      pf_arrival_petrified_forest, layout_rooms
D:2:      layout_rooms, hellmonk_ecumenical_altar_leap_of_faith,
          nrook_mini_backslash, uniq_robin
D:3:      layout_loops_cross
D:4:      layout_loops_cross, enter_ossuary_4, minmay_starry_boxes

Skill      XL: |  1  2  3 |
---------------+----------+-----
Long Blades    | 3 |  3.3
Dodging        | 4 |  4.1
Fighting       | |  2.8
Throwing       | |  1.5
Spellcasting   | |  0.7

Action                   |  1- 3 |  4- 6 || total
-------------------------+-------+-------++-------
Melee: Long sword        |    83 |    34 ||   117
Armor: Leather armour    |    36 |     5 ||    41
Dodge: Dodged            |    84 |    33 ||   117
       Rpst.: Long sword |    19 |    11 ||    30

Table legend: (Time is in decaauts)
 A = Elapsed time spent in this place.
 B = Non-inter-level travel time spent in this place.
 C = Inter-level travel time spent in this place.
 D = Time resting spent in this place.
 E = Time spent auto-exploring this place.
 F = Levels seen in this place.
 G = Mean time per level.
                   A        B        C        D        E       F      G
               +--------+--------+--------+--------+--------+-----+--------+
         Total |   2245 |   2191 |     54 |    490 |   1364 |   4 |  561.2 |
       Dungeon |   2245 |   2191 |     54 |    490 |   1364 |   4 |  561.2 |
               +--------+--------+--------+--------+--------+-----+--------+

Top non-repeatable levels by time:
     D:2: 1015 daAuts
     D:3: 647 daAuts
     D:1: 570 daAuts
     D:4: 11 daAuts
